 Dungeon Crawl Stone Soup version 0.29-a0-330-g52719c12eb (webtiles) character file.

Game seed: 15776749699266308354

338 kae the Firebug (level 6, -2/48 HPs)
             Began as a Demigod Fire Elementalist on Apr 21, 2022.
             Succumbed to a kobold brigand's curare-tipped dart
             ... in a sewer.
             The game lasted 00:03:12 (4459 turns).

kae the Firebug (Demigod Fire Elementalist)         Turns: 4459, Time: 00:03:13

Health: -2/48      AC:  3    Str:  9      XL:     6   Next: 7%
Magic:  13/13      EV: 11    Int: 25      God:
Gold:   115        SH:  0    Dex:  8 (14) Spells: 4/10 levels left

rFire   . . .      SeeInvis .   g - +0 whip (venom)
rCold   . . .      Faith    .   (no shield)
rNeg    . . .      Spirit   .   a - +1 robe
rPois   .          Reflect  .   (no helmet)
rElec   .          Harm     .   (no cloak)
rCorr   .          Rampage  .   (no gloves)
Will    .....                   (no boots)
Stlth   +.........              c - amulet of magic regeneration
HPRegen 0.16/turn               (no ring)
MPRegen 0.53/turn               (no ring)

@: lethally poisoned (-2 -> -16), slowed, very slow
A: high MP 1, forlorn, divine attributes
a: no special abilities


You were in a sewer.
You visited 1 branch of the dungeon, and saw 4 of its levels.
You also visited: Sewer.

You collected 115 gold pieces.

Inventory:

Hand Weapons
 d - a +1 dagger
 g - a +0 whip of venom (weapon)
Armour
 a - a +1 robe (worn)
Jewellery
 c - an amulet of magic regeneration (around neck)
 e - a ring of ice
Wands
 k - a wand of acid (9)
Potions
 b - a potion of magic
 f - 3 potions of brilliance
 h - a potion of invisibility
 j - 2 potions of curing
 l - 2 potions of haste
 n - 2 potions of degeneration {unknown}


   Skills:
 + Level 2.2 Fighting
 - Level 1.7 Dodging
 - Level 1.7 Stealth
 + Level 2.9 Spellcasting
 + Level 2.6 Conjurations
 * Level 4.5 Fire Magic


You had 4 spell levels left.
You knew the following spells:

 Your Spells              Type           Power      Damage    Failure   Level
a - Foxfire               Conj/Fire      84%        2x1d8     2%          1
b - Scorch                Fire           52%        2d8       2%          2
c - Conjure Flame         Conj/Fire      21%        6-21      7%          3

Your spell library contained the following spells:

 Spells                   Type           Power      Damage    Failure   Level
 Inner Flame              Hex/Fire       15%        N/A       12%         3
 Flame Wave               Conj/Fire      21%        2d7       22%         4
 Tukima's Dance           Hex            3%         N/A       30%         3
 Anguish                  Hex/Necr       1%         N/A       71%         4
 Enfeeble                 Hex            1%         N/A       100%        7


Dungeon Overview and Level Annotations

Branches:
Dungeon (4/15)              Sewer (1/1)
 Temple: D:4-7


Innate Abilities, Weirdness & Mutations

You have an increased reservoir of magic. (+10% MP)
You shall have no god before yourself.
Your divine heritage dramatically boosts your attributes as you level up.


Message History

The kobold brigand is lightly wounded.
The kobold throws a stone.
The stone barely misses you.
The foxfire hits the kobold brigand but does no damage.
The kobold brigand is lightly wounded.
Casting: Foxfire (safe; 2% risk of failure)
Confirm with . or Enter, or press ? or * to list all spells.
You conjure some foxfire!
The foxfire hits the kobold brigand.
The kobold brigand is lightly wounded.
The foxfire hits the kobold brigand.
The kobold brigand is lightly wounded.
The kobold brigand throws a curare-tipped dart.
The curare-tipped dart hits you.
You are poisoned.
You have difficulty breathing.
You feel yourself slow down.
The kobold throws a stone.
The stone hits you but does no damage.
Casting: Foxfire (safe; 2% risk of failure)
Confirm with . or Enter, or press ? or * to list all spells.
You conjure some foxfire!
You feel very sick.
The kobold brigand throws a curare-tipped dart.
The curare-tipped dart hits you.
You are more poisoned.
You have difficulty breathing.
You feel as though you will be slow longer.
You feel extremely sick.
The foxfire hits the kobold brigand.
The kobold brigand is moderately wounded.
The foxfire hits the kobold brigand.
The kobold brigand is moderately wounded.
The kobold brigand hits you with a +0 club.
Casting: Foxfire (safe; 2% risk of failure)
Confirm with . or Enter, or press ? or * to list all spells.
You conjure some foxfire!
* * * LOW HITPOINT WARNING * * *
You feel extremely sick. The kobold closely misses you.
The kobold brigand hits you with a +0 club!
* * * LOW HITPOINT WARNING * * *
You die...

#≈..#.≈≈≈≈≈≈≈≈
##+++###≈))#...≈≈≈≈≈≈
##.....##≈≈.#...≈≈≈≈≈≈
#...§..###.####.###≈##
+.§.....#)..#≈≈.......
+..._.§.)...≈≈≈≈......
+.§.....#...#≈≈.......
#...§.v###.####.#≈###≈
##...@v##≈..#..§.≈≈≈≈≈
##'KK###≈..#.§≈≈≈≈≈≈≈
#≈...≈ #≈≈.#§≈≈≈≈≈≈≈≈
#≈..)≈##≈≈.#§≈≈≈≈≈≈≈≈
#≈..)≈##≈..#.≈≈≈≈≈≈≈≈
#≈...≈##≈..).≈≈≈≈≈≈≈≈
#≈...≈###≈###########
#≈...≈##≈≈≈≈.≈≈≈≈ ≈
#≈≈≈≈≈≈≈≈≈ ≈


You could see a kobold brigand (ally target) and a kobold (ally target).

Vanquished Creatures
  A scorpion (D:3)
  A howler monkey (D:4)
  A quasit (Sewer)
  Terence (D:2)
  An iguana (D:3)
  3 adders (D:2)
  A shadow imp (Sewer)
  An ufetubus (D:4)
  2 worms
  3 dart slugs
  An orc (D:3)
  A bat zombie (Sewer)
  9 endoplasms
  5 giant cockroaches
  9 goblins
  7 hobgoblins
  6 jackals
  16 kobolds
  2 quokkas
  6 ball pythons
  4 bats
  15 frilled lizards
  A kobold zombie (Sewer)
  9 rats
106 creatures vanquished.

Vanquished Creatures (others)
  An endoplasm (Sewer)
  A kobold zombie (Sewer)
  285 foxfires
  8 plants (D:4)
295 creatures vanquished.

Grand Total: 401 creatures vanquished

Notes
Turn   | Place    | Note
-------+----------+-------------------------------------------
     0 | D:1      | kae the Demigod Fire Elementalist began the quest for the
                  | Orb.
     0 | D:1      | Reached XP level 1. HP: 14/14 MP: 5/5
   360 | D:1      | Reached skill level 1 in Conjurations
   789 | D:1      | Reached skill level 3 in Fire Magic
   789 | D:1      | Reached XP level 2. HP: 22/22 MP: 4/7
   792 | D:1      | Learned a level 2 spell: Scorch
  1667 | D:2      | Reached XP level 3. HP: 27/27 MP: 4/8
  1797 | D:2      | Reached skill level 1 in Fighting
  1876 | D:2      | Noticed Terence
  2271 | D:2      | Killed Terence
  2272 | D:2      | Reached XP level 4. HP: 35/35 MP: 4/10
  2666 | D:3      | Learned a level 3 spell: Conjure Flame
  3253 | D:3      | Reached skill level 4 in Fire Magic
  3253 | D:3      | Reached XP level 5. HP: 19/41 MP: 1/11
  4053 | D:4      | Found a glowing drain.
  4074 | Sewer    | Entered a sewer
  4244 | Sewer    | Reached XP level 6. HP: 16/48 MP: 5/13
  4458 | Sewer    | HP: 2/48 [kobold brigand/+0 club (8)]
  4459 | Sewer    | Succumbed to a kobold brigand's curare-tipped dart

Illustrated notes

Levels and vault maps discovered:
D:1:      dpeg_arrival_erosion, layout_rooms,
          hellmonk_ecumenical_altar_crossroads
D:2:      layout_rooms, basic_altar, uniq_terence
D:3:      layout_rooms
D:4:      layout_loops_ring, cheibrodos_sewer_entry_drain, minmay_lizard_king,
          uniq_pikel, uniq_crazy_yiuf_cottage
Sewer:    kennysheep_sewer_church

Skill      XL: |  1  2  3  4  5 |
---------------+----------------+-----
Conjurations   | 1 2 |  2.6
Fire Magic     | 3 4 |  4.5
Spellcasting   | 2 |  2.9
Fighting       | 1 2 |  2.2
Dodging        | |  1.7
Stealth        | |  1.7

Action                   |  1- 3 |  4- 6 || total
-------------------------+-------+-------++-------
Melee: Dagger            |    39 |     4 ||    43
       Unarmed           |     3 |       ||     3
       Punch             |     1 |       ||     1
       Whip              |       |    17 ||    17
 Cast: Foxfire           |    88 |    86 ||   174
       Scorch            |     2 |    29 ||    31
  Use: Scroll            |     8 |     3 ||    11
       Potion            |     1 |     1 ||     2
 Stab: Sleeping          |       |     1 ||     1
Armor: Robe              |    18 |    56 ||    74
Dodge: Dodged            |    41 |   100 ||   141

Table legend: (Time is in decaauts)
 A = Elapsed time spent in this place.
 B = Non-inter-level travel time spent in this place.
 C = Inter-level travel time spent in this place.
 D = Time resting spent in this place.
 E = Time spent auto-exploring this place.
 F = Levels seen in this place.
 G = Mean time per level.
                   A        B        C        D        E       F      G
               +--------+--------+--------+--------+--------+-----+--------+
         Total |   4465 |   4385 |     80 |    231 |   3428 |   5 |  893.0 |
       Dungeon |   4076 |   3996 |     80 |    231 |   3152 |   4 | 1019.0 |
         Sewer |    388 |    388 |      0 |      0 |    276 |   1 |  388.0 |
               +--------+--------+--------+--------+--------+-----+--------+

Top non-repeatable levels by time:
     D:1: 1586 daAuts
     D:3: 1322 daAuts
     D:2: 1025 daAuts
   Sewer: 388 daAuts
     D:4: 143 daAuts
